 Dungeon Crawl Stone Soup version 0.31-a0-165-g3f4f80340b (webtiles) character file.

Game seed: 3636110484672576107

223 qw the Shooter (level 6, 0/56 HPs)
             Began as a Naga Hunter on June 13, 2023.
             Slain by an orc
             ... wielding a +0 mace of protection
              (3 damage)
             ... on level 4 of the Dungeon.
             The game lasted 00:00:54 (2558 turns).

qw the Shooter (Naga Hunter)                        Turns: 2558, Time: 00:00:54

Health: 0/56       AC:  7    Str: 18    XL:     6   Next: 0%
Magic:  6/6        EV:  9    Int:  7    God:
Gold:   192        SH:  0    Dex: 18    Spells: 5/5 levels left

rFire   . . .        Y - +3 shortbow (drain)
rCold   . . .        (shield currently unavailable)
rNeg    + . .        b - +3 ring mail "Pyhea" {Str+5}
rPois   +            (no helmet)
rElec   .            (no cloak)
rCorr   .            (no gloves)
SInv    +            (no barding)
Will    +....        c - amulet of regeneration
Stlth   +            e - ring "Liohaqae" {rN+ Will+ Int-3 Dex+2}
HPRegen 1.09/turn    (no ring)
MPRegen 0.10/turn

%: no passive effects
@: very slow
A: AC +2, large, see invisible, deformed body, poison resistance, slowness 2,
spit poison 1, naga tail 1
a: Spit Poison


You were on level 4 of the Dungeon.
You visited 1 branch of the dungeon, and saw 4 of its levels.

You collected 192 gold pieces.


Innate Abilities, Weirdness & Mutations

Your serpentine skin is tough. (AC +2)
You have supernaturally acute eyesight. (SInv)
Armour fits poorly on your strangely shaped body.
Your system is resistant to poisons. (rPois)
You cover ground very slowly.
You can spit poison.
You have a snake-like lower body.


   Skills:
 - Level 3.3 Fighting
 + Level 5.8 Ranged Weapons
 - Level 1.5 Dodging
 - Level 1.5 Stealth


You had 5 spell levels left.
You didn't know any spells.
Your spell library was empty.

Inventory:

Hand Weapons
 Y - a +3 shortbow of draining (weapon)
Armour
 b - the +3 ring mail "Pyhea" (worn) {Str+5}
   (You found it on level 2 of the Dungeon)

   Str:       It affects your strength (+5).
Jewellery
 c - an amulet of regeneration (around neck)
 e - the ring "Liohaqae" (left hand) {rN+ Will+ Int-3 Dex+2}
   (You found it on level 3 of the Dungeon)

   [ring of willpower]

   Int:       It affects your intelligence (-3).
   Dex:       It affects your dexterity (+2).
   rN:        It protects you from negative energy.
   Will:      It increases your willpower.
Scrolls
 h - a scroll of identify
Potions
 i - a potion of resistance
 k - a potion of haste {unknown}
 l - a potion of curing {unknown}

Dungeon Overview and Level Annotations

Branches:
Dungeon (4/15)
 Temple: D:4-7

Altars:
Wu Jian

Shops:
D:2 (   D:4 :


Message History

The orc priest calls down the wrath of Beogh upon you.
Beogh smites you! The orc hits you but does no damage.
2553 ||| INVOKING Spit Poison.
Aiming: Spit Poison (1% risk of failure)
Press: ? - help, Shift-Dir - straight line, f/p - orc priest The splash of poison hits the orc priest.
The orc priest is severely wounded.
The kobold barely misses you. The orc hits you with a +0 whip.
The orc barely misses you.
The orc priest mumbles some strange prayers to Beogh against you.
Beogh smites you!
You shoot an arrow. The arrow hits the orc priest!
You kill the orc priest!
The kobold barely misses you. The orc hits you with a +0 whip.
The orc hits you with a +0 mace of protection.
You have reached level 6!
Your skin feels tougher.
You shoot an arrow. The arrow closely misses the iguana.
You have got your breath back.
The orc hits you but does no damage. The kobold closely misses you.
The iguana barely misses you.
The orc hits you with a +0 mace of protection.
2556 ||| INVOKING Spit Poison.
Aiming: Spit Poison (1% risk of failure)
Press: ? - help, Shift-Dir - straight line, f/p - iguana The splash of poison misses the iguana.
The kobold hits you but does no damage. The orc hits you but does no damage.
The iguana barely misses you. The orc hits you but does no damage.
You shoot an arrow.
The arrow hits the iguana but does no damage.
You drain the iguana.
The iguana is almost dead.
The orc hits you with a +0 whip. The kobold closely misses you.
The iguana bites you but does no damage.
The orc hits you but does no damage.
You shoot an arrow. The arrow closely misses the iguana.
You have got your breath back.
The kobold barely misses you. The orc hits you but does no damage.
The iguana bites you but does no damage.
The orc hits you with a +0 mace of protection.
You die...

########
#...#.\# .
#..oK..#....
#.@l.......
#..o.......
#....##....
#..##.# ...
#... .. .
#... ...
##.. ....
#.. .!.##


You could see an iguana (very drained), 2 orcs and a kobold.

Vanquished Creatures
  3 orc priests
  4 adders
  A worm (D:2)
  2 dart slugs (D:3)
  13 orcs
  2 ball pythons
  4 bats
  8 endoplasms
  4 giant cockroaches
  4 hobgoblins
  10 jackals
  3 kobolds
  3 quokkas
  6 frilled lizards
  2 goblins
  5 rats
74 creatures vanquished.

Notes
Turn   | Place    | Note
-------+----------+-------------------------------------------
     0 | D:1      | qw the Naga Hunter began the quest for the Orb.
     0 | D:1      | Reached XP level 1. HP: 19/19 MP: 1/1
     0 | D:1      | 0 ||| qw: Version: 0.2-a-29-gc1b59c4
     0 | D:1      | 0 ||| qw: Game counter: 4742
     0 | D:1      | 0 ||| qw: Always use a shield: true
     0 | D:1      | 0 ||| qw: God list: Okawaru
     0 | D:1      | 0 ||| qw: Allow faded altars: false
     0 | D:1      | 0 ||| qw: Do Orc after D:15 true
     0 | D:1      | 0 ||| qw: Do second Lair branch before Depths: true
     0 | D:1      | 0 ||| qw: Lair rune preference: random
     0 | D:1      | 0 ||| qw: Plans: Normal
     0 | D:1      | 0 ||| PLANNING D:1-11
    56 | D:1      | 56 ||| INVOKING Spit Poison.
    76 | D:1      | 76 ||| INVOKING Spit Poison.
   145 | D:1      | 145 ||| INVOKING Spit Poison.
   150 | D:1      | 150 ||| INVOKING Spit Poison.
   171 | D:1      | 171 ||| INVOKING Spit Poison.
   175 | D:1      | 175 ||| INVOKING Spit Poison.
   178 | D:1      | Reached skill level 4 in Ranged Weapons
   178 | D:1      | Reached XP level 2. HP: 17/26 MP: 2/2
   263 | D:1      | 263 ||| INVOKING Spit Poison.
   277 | D:1      | 277 ||| INVOKING Spit Poison.
   324 | D:1      | 324 ||| INVOKING Spit Poison.
   387 | D:1      | 387 ||| INVOKING Spit Poison.
   397 | D:1      | 397 ||| INVOKING Spit Poison.
   418 | D:1      | 418 ||| INVOKING Spit Poison.
   423 | D:1      | 423 ||| INVOKING Spit Poison.
   465 | D:1      | 465 ||| INVOKING Spit Poison.
   469 | D:1      | Reached XP level 3. HP: 32/32 MP: 3/3
   492 | D:1      | 492 ||| INVOKING Spit Poison.
   635 | D:1      | 635 ||| INVOKING Spit Poison.
   700 | D:1      | 700 ||| INVOKING Spit Poison.
  1003 | D:1      | 1003 ||| INVOKING Spit Poison.
  1026 | D:1      | 1026 ||| READING 2 scrolls labelled RALAON TOKEATE.
  1027 | D:1      | 1027 ||| READING 3 scrolls labelled SIUDDA YLID.
  1028 | D:1      | 1028 ||| READING scroll labelled ZAEFIPNOQE.
  1029 | D:1      | 1029 ||| READING 3 scrolls labelled DYINTA CUFF.
  1030 | D:1      | 1030 ||| READING 2 scrolls of identify.
  1030 | D:1      | 1030 ||| IDENTIFYING smoky dark potion
  1031 | D:1      | 1031 ||| DROPPING scroll of vulnerability.
  1032 | D:1      | 1032 ||| DROPPING scroll of butterflies.
  1033 | D:1      | 1033 ||| DROPPING potion of brilliance.
  1034 | D:1      | 1034 ||| DROPPING 2 scrolls of amnesia.
  1064 | D:2      | 1064 ||| INVOKING Spit Poison.
  1067 | D:2      | 1067 ||| INVOKING Spit Poison.
  1121 | D:2      | 1121 ||| INVOKING Spit Poison.
  1160 | D:2      | 1160 ||| INVOKING Spit Poison.
  1178 | D:2      | 1178 ||| INVOKING Spit Poison.
  1181 | D:2      | 1181 ||| INVOKING Spit Poison.
  1186 | D:2      | 1186 ||| INVOKING Spit Poison.
  1188 | D:2      | Found Miliuschi's Antique Weapon Shop.
  1227 | D:2      | 1227 ||| INVOKING Spit Poison.
  1230 | D:2      | Identified the +3 ring mail "Pyhea" {Str+5}
  1238 | D:2      | Reached skill level 5 in Ranged Weapons
  1238 | D:2      | Reached XP level 4. HP: 39/39 MP: 4/4
  1268 | D:2      | 1268 ||| INVOKING Spit Poison.
  1466 | D:2      | 1466 ||| INVOKING Spit Poison.
  1606 | D:2      | 1606 ||| INVOKING Spit Poison.
  1658 | D:2      | 1658 ||| UPGRADING to +3 ring mail "Pyhea" {Str+5}.
  1668 | D:2      | 1668 ||| DROPPING +0 leather armour.
  1669 | D:2      | 1669 ||| READING scroll labelled BAMYADIOL.
  1670 | D:2      | 1670 ||| READING scroll labelled TEAWEZ GAELU.
  1671 | D:2      | 1671 ||| READING 2 scrolls of identify.
  1671 | D:2      | 1671 ||| IDENTIFYING fizzy puce potion
  1690 | D:3      | 1690 ||| INVOKING Spit Poison.
  1695 | D:3      | 1695 ||| INVOKING Spit Poison.
  1696 | D:3      | 1696 ||| INVOKING Spit Poison.
  1700 | D:3      | 1700 ||| INVOKING Spit Poison.
  1709 | D:3      | 1709 ||| READING scroll of enchant weapon.
  1709 | D:3      | 1709 ||| ENCHANTING +1 shortbow.
  1777 | D:3      | 1777 ||| INVOKING Spit Poison.
  1782 | D:3      | 1782 ||| INVOKING Spit Poison.
  1786 | D:3      | 1786 ||| INVOKING Spit Poison.
  1789 | D:3      | Reached skill level 3 in Fighting
  1789 | D:3      | Reached XP level 5. HP: 46/49 MP: 5/5
  1789 | D:3      | 1789 ||| INVOKING Spit Poison.
  1811 | D:3      | 1811 ||| INVOKING Spit Poison.
  1848 | D:3      | Identified the ring "Liohaqae" {rN+ Will+ Int-3 Dex+2}
  1854 | D:3      | Found a faded altar of an unknown god.
  1870 | D:3      | Found an ornate altar of the Wu Jian Council.
  1986 | D:3      | 1986 ||| INVOKING Spit Poison.
  2062 | D:3      | 2062 ||| INVOKING Spit Poison.
  2202 | D:3      | 2202 ||| READING scroll of enchant weapon.
  2202 | D:3      | 2202 ||| ENCHANTING +2 shortbow.
  2208 | D:3      | 2208 ||| INVOKING Spit Poison.
  2214 | D:3      | 2214 ||| INVOKING Spit Poison.
  2233 | D:3      | 2233 ||| INVOKING Spit Poison.
  2238 | D:3      | 2238 ||| INVOKING Spit Poison.
  2243 | D:3      | 2243 ||| INVOKING Spit Poison.
  2433 | D:3      | 2433 ||| UPGRADING to amulet of regeneration.
  2438 | D:3      | 2438 ||| DROPPING ring of magical power.
  2439 | D:3      | 2439 ||| UPGRADING to ring "Liohaqae" {rN+ Will+ Int-3
                  | Dex+2}.
  2440 | D:3      | 2440 ||| READING scroll labelled HIN KOSUCEI.
  2441 | D:3      | 2441 ||| READING scroll labelled WUIFYR DEIXYHY.
  2442 | D:3      | 2442 ||| READING scroll labelled CAUNNOW QUCRI.
  2443 | D:3      | 2443 ||| DRINKING 2 murky dark potions.
  2444 | D:3      | 2444 ||| DRINKING 2 amethyst potions.
  2445 | D:3      | 2445 ||| READING 2 scrolls of identify.
  2445 | D:3      | 2445 ||| IDENTIFYING fizzy brown potion
  2446 | D:3      | 2446 ||| DROPPING potion of attraction.
  2447 | D:3      | 2447 ||| DROPPING potion of enlightenment.
  2534 | D:4      | Found Geujifoi's Book Boutique.
  2535 | D:4      | 2535 ||| INVOKING Spit Poison.
  2537 | D:4      | 2537 ||| Stepping ~*~*~tactically~*~*~ (outnumbered).
  2541 | D:4      | 2541 ||| INVOKING Spit Poison.
  2546 | D:4      | 2546 ||| INVOKING Spit Poison.
  2549 | D:4      | HP: 11/49 [kobold/+0 whip (4)]
  2550 | D:4      | 2550 ||| DRINKING potion of heal wounds.
  2553 | D:4      | 2553 ||| INVOKING Spit Poison.
  2554 | D:4      | HP: 10/49 [orc/+0 whip (1)]
  2555 | D:4      | Reached XP level 6. HP: 6/56 MP: 6/6
  2555 | D:4      | HP: 3/56 [orc/+0 mace of protection (4)]
  2556 | D:4      | 2556 ||| INVOKING Spit Poison.
  2557 | D:4      | HP: 1/56 [orc/+0 whip (4)]
  2558 | D:4      | Slain by an orc

Levels and vault maps discovered:
D:1:      dpeg_arrival_round_a, layout_basic
D:2:      layout_loops_ring, serial_shops, nicolae_shop_advertising_works
          [nicolae_subvault_shop_adworks]
D:3:      layout_basic, nicolae_overflow_ecumenical_swirl, minmay_joined_circles
D:4:      layout_cave_pools, minmay_temple_entry_junction, serial_shops, shop,
          shop_statue, shop, shop

Skill      XL: |  1  2  3  4 |
---------------+-------------+-----
Ranged Weapons | 4 5 |  5.8
Fighting       | 3 |  3.3
Dodging        | |  1.5
Stealth        | |  1.5

Action                     |  1- 3 |  4- 6 || total
---------------------------+-------+-------++-------
   Fire: Shortbow          |    59 |    64 ||   123
Ability: Spit Poison       |    26 |    23 ||    49
    Use: Scroll            |     5 |     9 ||    14
         Potion            |       |     3 ||     3
 Armour: Leather armour    |     3 |       ||     3
         Ring mail         |       |    29 ||    29
  Dodge: Dodged            |    10 |    35 ||    45

Table legend:
 A = Non-vault XP
 B = Vault XP
 C = Vault XP percentage of total XP
 D = Non-vault monster count
 E = Vault monster count
 F = Vault count percentage of total count
                 A         B        C        D         E       F
            +---------+---------+-------+---------+---------+-------
      Total |     288 |      31 |   9.7 |      65 |       9 |  12.2
            +---------+---------+-------+---------+---------+-------
        D:1 |      45 |       0 |   0.0 |      27 |       0 |   0.0
        D:2 |      55 |       0 |   0.0 |      16 |       0 |   0.0
        D:3 |     100 |      31 |  23.7 |      19 |       9 |  32.1
        D:4 |      88 |       0 |   0.0 |       3 |       0 |   0.0
            +---------+---------+-------+---------+---------+-------
